 Dungeon Crawl Stone Soup version 0.16.2-12-gd0ad4c3 (webtiles) character file.

4154 Peloso the Carver (level 10, -16/91 HPs)
             Began as a Minotaur Fighter on Nov 7, 2015.
             Was a Believer of Okawaru.
             Demolished by a swamp worm (18 damage)
             ... on level 8 of the Dungeon.
             The game lasted 00:30:15 (7353 turns).

Peloso the Carver (Minotaur Fighter)                Turns: 7353, Time: 00:30:15

Health: -16/91     AC: 16    Str: 25    XL:     10   Next: 7%
Magic:  4/4        EV:  7    Int: -2 (5) God:    Okawaru [**....]
Gold:   479        SH: 12    Dex: 11    Spells: 0 memorised, 9 levels left

rFire  . . .     SeeInvis .     g - +3 long sword
rCold  . . .     Clarity  .     n - +1 plate armour
rNeg   . . .     SustAb   .     c - +0 shield (curse)
rPois  .         Gourm    .     (helmet restricted)
rElec  .         Spirit   .     r - +0 cloak
rCorr  .         Warding  .     (no gloves)
rMut   .         Stasis   .     (no boots)
MR     .....                    (no amulet)
Stlth  ..........               h - +2 ring of strength
                                l - +2 ring of slaying (curse)

@: lost intelligence, very slow, not resistant to hostile enchantments,
extremely unstealthy
A: retaliatory headbutt, horns 2
a: Heroism, Renounce Religion


You were on level 8 of the Dungeon.
You worshipped Okawaru.
Okawaru was pleased with you.
You were not hungry.

You visited 2 branches of the dungeon, and saw 9 of its levels.
You also visited: Sewer.

You collected 479 gold pieces.

Inventory:

Hand weapons
 g - a +3 long sword (weapon)
Armour
 c - a cursed +0 shield (worn)
 n - a +1 plate armour (worn)
 r - a +0 cloak (worn)
Jewellery
 h - a +2 ring of strength (right hand)
 l - a cursed +2 ring of slaying (left hand)
 z - an uncursed ring of poison resistance
 A - an uncursed ring of protection from cold
 F - an uncursed ring of protection from fire
 K - an uncursed ring of protection from fire
 M - a +4 ring of intelligence
Magical devices
 f - a wand of flame (32)
 x - a wand of magic darts (8)
 B - a wand of lightning (9)
 C - a wand of flame (33)
 H - a wand of random effects (18)
 I - a wand of flame (0)
 O - a wand of teleportation (6)
Scrolls
 a - a scroll of fog
 o - 2 scrolls of blinking
 p - 3 scrolls of magic mapping
 v - 2 scrolls of remove curse
 w - 2 scrolls of identify
 y - 5 scrolls of teleportation
 D - 3 scrolls of recharging
 L - 4 scrolls of enchant weapon
Potions
 e - 2 potions of might
 i - a potion of cure mutation
 k - 6 potions of haste
 m - 7 potions of curing
 q - a potion of brilliance
 t - 3 potions of flight
 u - a potion of resistance {unknown}
 G - 2 potions of agility
Books
 s - a book of Changes

   Spells                             Type                      Level
   a - Beastly Appendage              Transmutation                1
   b - Sticks to Snakes               Transmutation                2
   c - Spider Form                    Transmutation/Poison         3
   d - Ice Form                       Ice/Transmutation            4
   e - Blade Hands                    Transmutation                5
 E - a book of Flames

   Spells                             Type                      Level
   a - Flame Tongue                   Conjuration/Fire             1
   b - Throw Flame                    Conjuration/Fire             2
   c - Conjure Flame                  Conjuration/Fire             3
   d - Inner Flame                    Hexes/Fire                   3
   e - Sticky Flame                   Conjuration/Fire             4
   f - Fireball                       Conjuration/Fire             5
 J - a book of Geomancy

   Spells                             Type                      Level
   a - Sandblast                      Earth                        1
   b - Stoneskin                      Transmutation/Earth          2
   c - Passwall                       Transmutation/Earth          3
   d - Stone Arrow                    Conjuration/Earth            3
   e - Petrify                        Transmutation/Earth          4
   f - Lee's Rapid Deconstruction     Earth                        5
Comestibles
 d - 7 bread rations
 j - 4 meat rations
 N - 6 beef jerkies


   Skills:
 + Level 9.3 Fighting
 + Level 9.4 Long Blades
 + Level 8.9 Armour
 + Level 2.0 Dodging
 + Level 0.6 Stealth
 + Level 9.4 Shields


You had 9 spell levels left.
You didn't know any spells.

Dungeon Overview and Level Annotations

Branches:
Dungeon (8/15)             Temple (1/1) D:4
   Lair: D:8-11

Altars:
Ashenzari
Cheibriados
Dithmenos
Elyvilon
Fedhas
Gozag
Kikubaaqudgha
Makhleb
Nemelex Xobeh
Okawaru
Qazlal
Ru
Sif Muna
Trog
Vehumet
Xom
Yredelemnul
Zin
The Shining One

Shops:
D:7 *


Innate Abilities, Weirdness & Mutations

You reflexively headbutt those who attack you in melee.
You have a pair of horns on your head.


Message History

Moving in this stuff is going to be slow.
A worm comes into view.
The swamp worm bites you.
* * * LOW HITPOINT WARNING * * *
The swamp worm bites you but does no damage.
You block the swamp worm's attack. The swamp worm bites you!
* * * LOW HITPOINT WARNING * * *
You block the swamp worm's attack. x2
The swamp worm bites you.
* * * LOW HITPOINT WARNING * * *
The swamp worm bites you but does no damage. x2
The swamp worm closely misses you. The swamp worm bites you.
* * * LOW HITPOINT WARNING * * *
The swamp worm barely misses you. The swamp worm bites you.
* * * LOW HITPOINT WARNING * * *
The swamp worm bites you but does no damage.
The swamp worm barely misses you.
The swamp worm bites you but does no damage.
The swamp worm bites you!!
You die...

#..... ### ##..### ####
#.. #...... .....###.#
#..##.. ≈≈≈≈.. ..# #..#
.. ≈≈≈≈##.# #..# .. #
#≈≈≈#.# #..##.#
≈≈≈≈≈#≈ww#.### #......
≈w≈w≈≈≈w@†...######.###.#
≈≈≈≈≈#≈ww#............#.#
# #≈≈≈###.######.#.#.#
≈≈≈≈## #.# #.#.#.# ≈≈≈≈##
#)# #.# #.. ##.#
###.######.. ## #.
#........... #
#.#.#####.... #...# ..
....


You could see 6 swamp worms and a worm.

Vanquished Creatures
  A kobold demonologist (Sewer)
  A two-headed ogre (D:8)
  Grinder (Sewer)
  Prince Ribbit (D:5)
  A hungry ghost (D:8)
  A hippogriff (D:7)
  Menkaure (D:5)
  A phantom (D:5)
  2 orc warriors
  An ice beast (D:7)
  2 sky beasts
  3 centaurs
  4 ogres
  3 big kobolds
  3 giant frogs
  The ghost of yokelz the Firebug, an average DEFE (D:4)
  A brain worm (D:8)
  4 crimson imps
  A gnoll shaman (D:8)
  3 orc priests
  A giant frog skeleton (D:8)
  5 hounds
  A jelly (D:8)
  5 orc wizards
  4 worker ants
  An iguana (D:6)
  6 big kobold zombies (Sewer)
  A mummy (D:7)
  2 hound skeletons
  13 adders
  4 gnolls (D:8)
  A worker ant zombie (D:6)
  2 shadow imps
  3 giant mites
  3 ufetubi (Sewer)
  11 worms
  An adder skeleton (D:6)
  6 giant geckos
  2 oozes
  18 orcs
  10 bats
  A bat zombie (Sewer)
  8 giant cockroaches
  8 goblins
  13 hobgoblins
  12 jackals
  43 kobolds
  A quokka (D:3)
  2 ball pythons
  A giant mite zombie (Sewer)
  9 giant newts
  A giant spore (D:6)
  A jackal skeleton (D:4)
  A kobold zombie (Sewer)
  15 rats
  2 ballistomycetes (D:6)
  3 plants (D:6)
257 creatures vanquished.

Vanquished Creatures (others)
  4 plants (D:8)
4 creatures vanquished.

Grand Total: 261 creatures vanquished

Notes
Turn   | Place    | Note
--------------------------------------------------------------
     0 | D:1      | Peloso, the Minotaur Fighter, began the quest for the Orb.
     0 | D:1      | Reached XP level 1. HP: 19/19 MP: 1/1
   228 | D:1      | Reached XP level 2. HP: 27/27 MP: 1/1
   411 | D:1      | Reached skill level 4 in Armour
   893 | D:2      | Reached XP level 3. HP: 33/33 MP: 2/2
  1131 | D:2      | Found a stormy altar of Qazlal.
  1450 | D:2      | Reached XP level 4. HP: 35/40 MP: 2/2
  1512 | D:2      | Found a deep blue altar of Sif Muna.
  1512 | D:2      | Found a bloodstained altar of Trog.
  2035 | D:3      | Found a glowing golden altar of the Shining One.
  2080 | D:3      | Reached skill level 1 in Dodging
  2097 | D:3      | Reached skill level 5 in Shields
  2097 | D:3      | Reached XP level 5. HP: 46/46 MP: 2/2
  2198 | D:4      | Found an ancient bone altar of Kikubaaqudgha.
  2395 | D:4      | Found a staircase to the Ecumenical Temple.
  2403 | D:4      | Reached skill level 5 in Armour
  2404 | D:4      | Noticed yokelz's ghost (average DEFE)
  2421 | D:4      | Killed yokelz's ghost
  2431 | D:4      | Reached XP level 6. HP: 36/53 MP: 3/3
  2444 | Temple   | Entered the Ecumenical Temple
  3158 | D:5      | Entered Level 5 of the Dungeon
  3286 | D:5      | Noticed Menkaure
  3297 | D:5      | Killed Menkaure
  3475 | D:5      | Found an opulent altar of Gozag.
  3502 | D:5      | Reached XP level 7. HP: 30/60 MP: 3/3
  3514 | D:5      | Reached skill level 6 in Armour
  3565 | D:5      | Reached skill level 5 in Long Blades
  3579 | D:5      | Found a glowing drain.
  3589 | Sewer    | Entered a sewer
  3774 | Sewer    | Reached skill level 5 in Fighting
  3854 | Sewer    | Found a burning altar of Makhleb.
  3936 | Sewer    | Noticed Grinder
  3960 | Sewer    | Paralysed by Grinder for 3 turns
  3968 | Sewer    | Killed Grinder
  3990 | Sewer    | Noticed an apprentice kobold demonologist
  4020 | Sewer    | Killed an apprentice kobold demonologist
  4020 | Sewer    | Reached skill level 7 in Shields
  4020 | Sewer    | Reached XP level 8. HP: 61/71 MP: 3/3
  4298 | D:5      | Found a burning altar of Makhleb.
  4299 | D:5      | Found a radiant altar of Vehumet.
  4359 | D:5      | Found a snail-covered altar of Cheibriados.
  4362 | D:5      | Found a shimmering altar of Xom.
  4362 | D:5      | Found an iron altar of Okawaru.
  4366 | D:5      | Found a shattered altar of Ashenzari.
  4372 | D:5      | Became a worshipper of Warmaster Okawaru
  4664 | D:5      | Noticed Prince Ribbit
  4679 | D:5      | Killed Prince Ribbit
  5029 | D:6      | Reached skill level 8 in Shields
  5047 | D:6      | Reached XP level 9. HP: 71/80 MP: 4/4
  5058 | D:6      | Acquired Okawaru's first power
  6294 | D:7      | Found Pontaoxt's General Store.
  6817 | D:8      | Reached skill level 9 in Fighting
  7023 | D:8      | Reached XP level 10. HP: 77/91 MP: 4/4
  7251 | D:8      | Lost intelligence.
  7353 | D:8      | HP: 2/91 [swamp worm (4)]
  7353 | D:8      | Demolished by a swamp worm

Action                   |  1- 3 |  4- 6 |  7- 9 | 10-12 || total
-------------------------+-------+-------+-------+-------++-------
Melee: Long sword        |   101 |   162 |   456 |    35 ||   754
  Use: Scroll            |     1 |     8 |    13 |       ||    22
  Eat: Chunk             |       |     8 |     3 |     3 ||    14
       Pizza             |       |       |     1 |       ||     1
       Beef jerky        |       |       |     1 |       ||     1
       Meat ration       |       |       |     1 |       ||     1
